 Dungeon Crawl Stone Soup version 0.31-a0-455-g1a7b003ef0 (webtiles) character file.

Game seed: 15146618072797254476

583395 LustLizard the Metallomancer (level 25, -4/172 HPs)
             Began as a Deep Elf Fire Elementalist on Aug 3, 2023.
             Was the Champion of Jiyva.
             Slain by an Orb Guardian (26 damage)
             ... on level 5 of the Realm of Zot on Aug 4, 2023.
             The game lasted 04:37:48 (53723 turns).

LustLizard the Metallomancer (DEFE)                Turns: 53723, Time: 04:37:49

Health: -4/172     AC: 23    Str:  5 (11) XL:     25   Next: 44%
Magic:  36/48      EV:  8    Int: 35 (39) God:    Jiyva [******]
Gold:   1835       SH: 17    Dex: 14 (19) Spells: 9/62 levels left

rFire   + . .        e - +9 falchion of Moumn {flame, rElec rC+}
rCold   + + .        w - +4 kite shield "Tayll" {rPois rN+ Dex+2}
rNeg    + . .        B - +4 chain mail of Too Many Cooks {+Inv Regen+ Int+5 Stlth-}
rPois   +            (helmet restricted)
rElec   +            T - +0 cloak {rF+}
rCorr   +            m - +2 pair of gloves
SInv    .            (boots unavailable)
Will    ++++.        L - amulet "Unyall" {RegenMP rC+ Will+ Int+4}
Stlth   ++           I - ring "Efinigh" {Wiz Str+2 Int+3 Stlth+}
HPRegen 2.88/turn    W - ring "Fyl Zogi" {Will+ AC+4}
MPRegen 1.21/turn

%: wizardry (x1)
@: about to teleport, marked, slowed, studying Maces & Flails, very slow
A: antennae 1, talons 3, deterioration 1, robust 1, screaming 1, teleportitis 1,
eyeballs 1, gelatinous body 3, pseudopods 1, jelly sensing items, no potion heal
1, sturdy frame 1
}: 4/15 runes: decaying, serpentine, slimy, silver
a: Renounce Religion, Evoke Invisibility, Oozemancy, Slimify


You were on level 5 of the Realm of Zot.
You worshipped Jiyva.
Jiyva was exalted by your worship.
You visited 10 branches of the dungeon, and saw 52 of its levels.
You also visited: Bailey and Volcano.

You collected 8676 gold pieces.
You spent 6841 gold pieces at shops.

Inventory:

Hand Weapons
 e - the +9 falchion of Moumn (weapon) {flame, rElec rC+}
   (You found it on level 13 of the Dungeon)

   rC:        It protects you from cold.
   rElec:     It insulates you from electricity.
 J - the +6 scimitar of Desperation {spect, rF+}
   (You bought it in a shop on level 14 of the Dungeon)

   rF:        It protects you from fire.
 P - the +7 scimitar "Wityntea" {heavy, rElec rN+ Will- Dex+5}
   (You bought it in a shop on level 2 of the Orcish Mines)

   Dex:       It affects your dexterity (+5).
   rElec:     It insulates you from electricity.
   rN:        It protects you from negative energy.
   Will:      It decreases your willpower.
Armour
 a - a +2 helmet
 d - a +2 cloak of preservation
 m - a +2 pair of gloves (worn)
 w - the +4 kite shield "Tayll" (worn) {rPois rN+ Dex+2}
   (You found it on level 8 of the Dungeon)

   Dex:       It affects your dexterity (+2).
   rPois:     It protects you from poison.
   rN:        It protects you from negative energy.
 y - +4 steam dragon scales
 B - the +4 chain mail of Too Many Cooks (worn) {+Inv Regen+ Int+5 Stlth-}
   (You found it on level 3 of the Elven Halls)

   Int:       It affects your intelligence (+5).
   +Inv:      It lets you turn invisible.
   Regen:     It increases your rate of health regeneration.
   Stlth:     It makes you less stealthy.
 C - a +0 helmet of see invisible
 M - a +1 kite shield of poison resistance
 N - the +0 cloak of Honour {Will+ Str+2}
   (You bought it in a shop on level 2 of the Orcish Mines)

   Str:       It affects your strength (+2).
   Will:      It increases your willpower.
 Q - the +1 pair of boots of the Cricket {rC+}
   (You bought it in a shop on level 5 of the Dungeon)

   rC:        It protects you from cold.
 T - a +0 cloak of fire resistance (worn)
 X - +3 ice dragon scales
Jewellery
 p - the ring of Miasuu {rPois Int+3 Dex+6}
   (You found it on level 3 of the Elven Halls)

   [ring of dexterity]

   Int:       It affects your intelligence (+3).
   Dex:       It affects your dexterity (+6).
   rPois:     It protects you from poison.
 z - a +6 ring of strength
 E - the ring of Wariness {rF+ rCorr}
   (You found it on level 15 of the Dungeon)

   [ring of protection from fire]

   rF:        It protects you from fire.
   rCorr:     It protects you from acid and corrosion.
 F - the ring of Ziyn {Ice rElec Int-5 Dex+6}
   (You found it on level 15 of the Dungeon)

   [ring of ice]

   It enhances your ice magic.
   Int:       It affects your intelligence (-5).
   Dex:       It affects your dexterity (+6).
   rF:        It makes you vulnerable to fire.
   rC:        It protects you from cold.
   rElec:     It insulates you from electricity.
 I - the ring "Efinigh" (left hand) {Wiz Str+2 Int+3 Stlth+}
   (You took it off a necromancer on level 15 of the Dungeon)

   [ring of wizardry]

   It improves your spell success rate.
   Str:       It affects your strength (+2).
   Int:       It affects your intelligence (+3).
   Stlth:     It makes you more stealthy.
 L - the amulet "Unyall" (around neck) {RegenMP rC+ Will+ Int+4}
   (You acquired it in a bailey)

   [amulet of magic regeneration]

   It increases your rate of magic regeneration.
   Int:       It affects your intelligence (+4).
   rC:        It protects you from cold.
   Will:      It increases your willpower.
 W - the ring "Fyl Zogi" (right hand) {Will+ AC+4}
   (You took it off a black draconian on level 1 of the Realm of Zot)

   [ring of protection]

   AC:        It affects your AC (+4).
   Will:      It increases your willpower.
Wands
 h - a wand of mindburst (53)
 i - a wand of acid (19)
 s - a wand of digging (14)
 u - a wand of flame (66)
 D - a wand of roots (15)
 V - a wand of paralysis (28)
Scrolls
 b - 6 scrolls of fog
 q - 13 scrolls of teleportation
 r - 7 scrolls of revelation
 v - a scroll of poison
 A - 2 scrolls of fear
 H - 3 scrolls of immolation
 K - a scroll of silence
Potions
 c - 5 potions of brilliance
 f - 2 potions of cancellation
 g - 5 potions of curing
 j - a potion of resistance
 k - a potion of invisibility
 l - 3 potions of mutation
 o - 9 potions of lignification
 x - 2 potions of berserk rage
 G - 8 potions of might
 S - a potion of magic
 Y - 3 potions of haste
 Z - 3 potions of enlightenment
Miscellaneous
 n - a lightning rod (4/4)
 O - a phantom mirror (inert)
 U - a condenser vane (inert)


   Skills:
 + Level 15.9 Fighting
 - Level 14.0 Long Blades
 * Level 8.8 Armour
 - Level 15.6 Dodging
 - Level 9.7 Stealth
 - Level 15.0 Shields
 - Level 19.0 Spellcasting
 - Level 11.6 Conjurations
 - Level 14.0 Summonings
 - Level 12.8 Translocations
 - Level 12.3 Fire Magic
 * Level 21.7 Earth Magic
 - Level 8.8 Evocations


You had 9 spell levels left.
You knew the following spells:

 Your Spells              Type           Power      Damage    Failure   Level
a - Summon Forest         Summ/Tloc      45%        N/A       6%          5
b - Summon Mana Viper     Hex/Summ       70%        N/A       58%         5
d - Shatter               Erth           55%        3d42*     99%         9
e - Leda's Unmaking       Conj/Erth      50%        9d8       9%          6
f - Lee's Rapid Deconstr  Erth           55%        3d26*     1%          5
g - Blink                 Tloc           100%       N/A       1%          2
h - Malign Gateway        Summ/Tloc      45%        N/A       85%         7
i - Swiftness             Air            33%        N/A       80%         3
j - Summon Hydra          Summ           46%        N/A       77%         7
k - Manifold Assault      Tloc           89%        N/A       2%          4

Your spell library contained the following spells:

 Spells                   Type           Power      Damage    Failure   Level
 Foxfire                  Conj/Fire      100%       2x1d9     1%          1
 Summon Small Mammal      Summ           100%       N/A       1%          1
 Lesser Beckoning         Tloc           100%       N/A       1%          2
 Momentum Strike          Conj/Tloc      100%       3d10      1%          2
 Passwall                 Tmut/Erth      69%        N/A       1%          2
 Scorch                   Fire           100%       2d9       1%          2
 Call Canine Familiar     Summ           92%        N/A       1%          3
 Stone Arrow              Conj/Erth      100%       3d13      1%          3
 Volatile Blastmotes      Fire/Tloc      100%       2d18      1%          3
 Passage of Golubria      Tloc           89%        N/A       2%          4
 Iskenderun's Mystic Bla  Conj/Tloc      87%        2d17      3%          4
 Shock                    Conj/Air       100%       1d9       4%          1
 Flame Wave               Conj/Fire      87%        2d19      4%          4
 Sticky Flame             Conj/Fire      87%        2d10      4%          4
 Leda's Liquefaction      Hex/Erth       41%        N/A       6%          4
 Static Discharge         Conj/Air       100%       2-7/arc   8%          2
 Summon Guardian Golem    Hex/Summ       70%        N/A       9%          3
 Inner Flame              Hex/Fire       66%        N/A       12%         3
 Vhi's Electric Charge    Tloc/Air       100%       N/A       12%         3
 Dazzling Flash           Conj/Hex       100%       N/A       14%         3
 Summon Cactus Giant      Summ           46%        N/A       26%         6
 Ignite Poison            Fire/Tmut/Pois 58%        N/A       28%         3
 Summon Lightning Spire   Summ/Air       70%        N/A       28%         4
 Fulminant Prism          Conj/Hex       32%        3d16      41%         4
 Necrotise                Necr           100%       1d9       45%         1
 Starburst                Conj/Fire      43%        6d12      47%         6
 Cigotuvi's Dreadful Rot  Necr/Pois/Air  66%        N/A       58%         2
 Ensorcelled Hibernation  Hex/Ice        66%        N/A       58%         2
 Sublimation of Blood     Necr           33%        N/A       58%         2
 Wereblood                Tmut           33%        N/A       58%         2
 Arcjolt                  Conj/Air       32%        1d42      75%         5
 Ozocubu's Armour         Ice            33%        N/A       80%         3
 Tukima's Dance           Hex            33%        N/A       80%         3
 Vampiric Draining        Necr           33%        2d8       80%         3
 Freezing Cloud           Conj/Ice/Air   28%        6-21      95%         5
 Lehudib's Crystal Spear  Conj/Erth      50%        10d12     97%         8
 Airstrike                Air            16%        2d(3-19)  99%         4
 Agony                    Necr           33%        N/A       100%        5
 Silence                  Hex/Air        16%        N/A       100%        5
 Yara's Violent Unravell  Hex/Tmut       16%        3d8       100%        5
 Haunt                    Necr/Summ      35%        N/A       100%        7
 Ozocubu's Refrigeration  Ice            16%        4d11      100%        7
 Maxwell's Capacitive Co  Air            16%        ∞         100%        8
 Summon Horrible Things   Summ           46%        N/A       100%        8
 Chain Lightning          Conj/Air       32%        3d43      100%        9
 Fire Storm               Conj/Fire      43%        8d11      100%        9


Dungeon Overview and Level Annotations

Branches:
Dungeon (15/15)            Temple (0/1) D:7            Lair (5/5) D:8
  Swamp (4/4) Lair:3        Snake (4/4) Lair:3        Slime (5/5) Lair:5
    Orc (2/2) D:9             Elf (3/3) Orc:2        Vaults (5/5) D:14
  Crypt (0/3) Vaults:2     Depths (4/4) D:15            Zot (5/5) Depths:4
 Bailey (visited)         Volcano (visited)

Altars:
Gozag
Hepliaklqana
Makhleb
Nemelex Xobeh
Okawaru
Trog
Vehumet
Zin
Jiyva
Lugonu

Shops:
D:5 [?[[(*   D:14 (*   D:15 =[*   Orc:2 [([(   Elf:1 [   Snake:1 *   Snake:3 [*
Vaults:1 *   Vaults:5 !?

Portals:
Hell: Depths:1 Depths:2 Depths:3 Depths:4
Abyss: Depths:1 Depths:3
Pandemonium: Depths:2 Depths:3
Ziggurat: Depths:3
Trove: Depths:2 (give +4 ice dragon scales)

Annotations:
Swamp:2 3 runed translucent doors, Tiex's ghost, adept TrFi; Wiladeyst's ghost, adept TrSh
Slime:5 Royal Jelly
Vaults:4 2 transporters, exclusion: obsidian statue
Zot:4 2 transporters, Jeanorph's ghost, legendary MiBe
Zot:5 2 transporters, Wukiw's ghost, legendary MiBe


Innate Abilities, Weirdness & Mutations

You have a pair of small antennae on your head.
You have claws for feet.
Your body sometimes deteriorates upon taking damage.
You are robust. (+10% HP)
You occasionally shout uncontrollably at your foes.
You are occasionally teleported next to monsters.
Your body has grown eyes which may confuse attackers. (Acc +3)
Your gelatinous body deflects attacks. (AC +3, EV +3)
Armour fits poorly on your pseudopods.
You have a small jelly attached to you that senses nearby items.
Potions are less effective at restoring your health.
Your movements are slightly less encumbered by armour. (ER -2)


Message History

The orb of fire pulls the alarm!
The alarm trap emits a blaring wail!
A sentinel's mark forms upon you.
The orb of fire glows red.
The bolt of fire hits you! You resist.
* * * LOW HITPOINT WARNING * * *
The Killer Klown slaps you but does no damage.
A green draconian comes into view. It is wielding a +0 long sword.
You yell at the green draconian!
Your system partially rejects the healing.
You feel much better.
The orb of fire glows red.
Strange energies course through your body.
You feel weirdly uncertain. The Killer Klown pies you viciously!
You block the klown pie.
The Killer Klown pinches you with a +8 club!!
* * * LOW HITPOINT WARNING * * *
Your system partially rejects the healing.
You feel much better. You block the Killer Klown's attack.
An Orb Guardian comes into view.
The orb of fire glows bright magenta.
Strange energies course through your body.
You feel clumsy. You block the Killer Klown's attack.
Your system partially rejects the healing.
You feel better.
An orb of fire comes into view.
You block the Killer Klown's attack.
The orb of fire glows bright magenta.
The bolt of fire hits you! You resist.
* * * LOW HITPOINT WARNING * * *
An Orb Guardian comes into view.
A tentacled monstrosity comes into view.
A yellow draconian comes into view. It is wielding a +0 long sword.
A moth of wrath comes into view.
You block the Killer Klown's attack.
Your system partially rejects the healing.
You feel better. The Orb Guardian hits you!!
You die...

**,^,,,,,,☼,,,,^,,,,,***
**,.............^.,,,,,,**
*,,...............,,,,,,,*
*,,......*........,,,,,,,**
**,......○X.......,,,,,,,**
**....^.z.......y,,,,,,,*,
*▓..^......d...d,,,,,,,,,
**...^^..X*.d...X,,,,,,,*,
**,.......@*...qX.,,,,,,,**
*,,......p.^^^....,,,,,,,**
*,,....^..........,,,,,,,*
**,...............,,,,,,**
**.^[............,,,,***
*▓▓▓.(..........,****
▓▓▓▓▓▓▓▓▓▓▓▓▓**


You could see 3 orbs of fire, a Killer Klown, a tentacled monstrosity, a green
draconian monk, a yellow draconian, a green draconian, a red draconian, a curse
toe, 3 Orb Guardians and a moth of wrath.

Vanquished Creatures
  3 orbs of fire
  3 dread liches
  An ancient lich (Zot:5)
  the Lernaean hydra (Swamp:4)
  2 Killer Klowns (Zot:5)
  Saint Roka (Snake:2)
  3 caustic shrikes (Depths:4)
  A curse toe (Zot:4)
  Vashnia (Snake:2)
  13 golden dragons
  A bone dragon (Vaults:2)
  2 electric golems
  8 Orb Guardians (Zot:5)
  18 tentacled monstrosities
  3 liches
  Zenata (Vaults:2)
  A walking crystal tome (Depths:3)
  Mlioglotl (Swamp:1)
  Jorgrun (Snake:1)
  2 deep elf master archers (Elf:3)
  A walking divine tome (Depths:3)
  3 titans
  2 deep elf blademasters
  11 quicksilver dragons
  9 death cobs
  11 draconian monks
  16 storm dragons
  Donald (Vaults:3)
  6 sphinxes
  6 tengu reavers
  Kirke (D:14)
  8 shadow dragons
  3 draconian knights
  Aizul (Lair:3)
  Roxanne (Snake:1)
  5 nagarajas
  7 fire giants
  9 frost giants
  Louise (D:15)
  6 draconian scorchers
  18 vault wardens
  3 ghost moths
  3 draconian shifters
  3 deep elf sorcerers (Elf:3)
  3 draconian stormcallers
  3 orc warlords
  2 draconian annihilators
  2 deep elf elementalists (Elf:3)
  15 ironbound preservers
  9 ironbound thunderhulks
  11 very ugly things
  14 stone giants
  16 green draconians
  2 vampire knights (Depths:2)
  5 eleionomae
  6 war gargoyles
  10 deep elf demonologists
  6 deep elf annihilators
  10 purple draconians
  12 black draconians
  18 dire elephants
  11 white draconians
  7 yellow draconians
  Azrael (D:15)
  2 bunyips
  3 spark wasps (Depths:3)
  19 red draconians
  11 ettins
  6 deep elf death magi
  A blizzard demon (Depths:3)
  2 jiangshi (Depths:1)
  7 fire dragons
  15 yaktaur captains
  2 entropy weavers
  3 rakshasas
  37 vault guards
  2 nameless horrors
  A deep elf high priest (Elf:3)
  5 ice dragons
  2 catoblepae
  3 ghost crabs
  4 salamander tyrants
  12 anacondas
  14 hydras
  25 centaur warriors
  4 ogre magi
  4 spriggan air magi
  4 peacekeepers
  8 deep troll shamans
  11 ironbound frosthearts
  5 boulder beetles
  8 two-headed ogres
  13 naga warriors
  Erica (D:9)
  37 dancing weapons
  A death knight (D:15)
  8 death yaks (Lair:5)
  2 vampire magi
  5 alligators
  5 deep troll earth magi
  4 hell hogs (Depths:1)
  14 shock serpents
  10 tengu warriors
  17 naga sharpshooters
  4 spriggan berserkers
  2 soul eaters (Depths:1)
  A titan skeleton (Depths:3)
  13 spriggans
  3 sun demons (Depths:1)
  13 deep elf knights
  8 salamander mystics
  Sonja (D:13)
  6 hell knights
  A golden dragon zombie (Depths:2)
  A fire crab (Lair:5)
  2 skysharks
  2 death drakes (Depths:4)
  6 iron trolls
  3 spriggan druids
  12 swamp dragons
  5 goliath frogs
  A sixfirhy (Depths:3)
  7 naga ritualists
  49 deep trolls
  6 lindwurms
  9 orc knights
  3 wizards
  12 deep elf archers
  A swamp dragon (shapeshifter) (Elf:1)
  5 phantasmal warriors
  3 bog bodies
  5 ironbound convokers
  5 necromancers
  30 deep elf pyromancers
  16 deep elf zephyrmancers
  13 mana vipers
  22 ugly things
  A frost giant zombie (Depths:2)
  A tengu skeleton (Depths:2)
  5 manticores
  5 cyclopes
  A wolf spider (shapeshifter) (Vaults:5)
  17 salamanders
  A will-o-the-wisp (Swamp:4)
  20 elephants
  Joseph (D:7)
  18 moths of wrath
  46 black mambas
  9 guardian serpents
  21 naga magi
  4 molten gargoyles
  A gargoyle (D:12)
  11 vault sentinels
  A torpor snail (Lair:5)
  2 smoke demons
  12 cane toads
  2 centaur skeletons (D:15)
  2 rime drakes
  12 komodo dragons
  3 kobold demonologists (D:13)
  2 efreet
  An unseen horror (shapeshifter) (D:15)
  A yaktaur (shapeshifter) (D:15)
  6 tengu conjurers
  24 yaktaurs
  A komodo dragon (shapeshifter) (D:15)
  6 freezing wraiths
  2 hellwings (Depths:3)
  2 red devils (Volcano)
  7 trolls
  11 tyrant leeches
  A bloated husk (Swamp:2)
  A hornet (shapeshifter) (D:15)
  2 polar bears
  A meliai (D:15)
  Prince Ribbit (D:7)
  11 hornets
  2 centaur simulacra (D:15)
  17 blink frogs
  4 air elementals
  5 shadows
  2 water elementals (Elf:1)
  3 wraiths
  2 vampires
  5 wyverns
  5 fire elementals
  9 fire bats
  47 yaks
  9 basilisks
  2 redbacks (Vaults:2)
  4 steam dragons
  3 hogs (D:14)
  Menkaure (D:7)
  A chaos spawn (Depths:3)
  17 vampire mosquitoes
  3 wargs
  58 nagas
  15 swamp worms
  2 acid dragons
  11 hell hounds
  A glowing shapeshifter skeleton (Depths:3)
  13 water moccasins
  9 swamp drakes
  3 black bears (D:8)
  33 orc warriors
  11 ogres
  A sky beast (D:7)
  6 centaurs
  5 boggarts (Vaults:1)
  9 wolves
  5 kobold brigands
  4 earth elementals
  14 bullfrogs
  2 gnoll sergeants
  3 scorpions
  A glowing shapeshifter simulacrum (Depths:3)
  A scorpion (shapeshifter) (Elf:1)
  5 wights (D:9)
  12 killer bees
  12 electric eels
  A howler monkey (D:7)
  9 lava snakes
  14 orc priests
  Crazy Yiuf (D:3)
  4 hounds
  2 gnoll boudas
  Jessica (D:3)
  A sleepcap (D:8)
  Terence (D:3)
  Ijyb (D:3)
  4 iguanas
  24 orc wizards
  6 hell rats (Lair:2)
  13 gnolls
  6 adders
  A white imp (D:6)
  3 ufetubi
  3 worms
  2 dart slugs
  87 orcs
  4 bats
  4 giant cockroaches
  14 goblins
  16 hobgoblins
  7 jackals (D:2)
  3 quokkas (D:2)
  11 ball pythons
  5 frilled lizards
  8 kobolds
  3 rats
1884 creatures vanquished.

Vanquished Creatures (collateral kills)
  3 orbs of fire
  Mara (Swamp:3)
  Margery (Vaults:2)
  Jory (Vaults:2)
  Norris (Vaults:3)
  2 tentacled monstrosities
  A titan (Depths:3)
  A shadow dragon (Vaults:5)
  A draconian knight (Depths:4)
  A storm dragon (Zot:1)
  2 fire giants
  A vault warden (Vaults:2)
  An orc warlord (Bailey)
  A green draconian (Zot:4)
  An eleionoma (Swamp:3)
  2 black draconians (Zot:1)
  A red draconian (Depths:4)
  A fire dragon (Depths:3)
  A yaktaur captain (Vaults:3)
  A centaur warrior (D:14)
  A vault guard (Vaults:5)
  An anaconda (Snake:3)
  A naga warrior (Snake:3)
  2 tengu warriors (D:11)
  2 death yaks (Lair:5)
  A spriggan berserker (Swamp:4)
  5 hell knights (Vaults:2)
  A sun demon (Depths:1)
  A shadow wraith (Vaults:5)
  A deep troll (Depths:4)
  A phantasmal warrior (D:15)
  A nameless horror (Zot:5)
  2 bog bodies (Swamp:3)
  An ironbound convoker (Vaults:2)
  A deep elf zephyrmancer (D:15)
  A manticore (D:9)
  A necromancer (Vaults:2)
  2 cyclopes
  2 ugly things (Depths:1)
  2 elephants (Lair:5)
  A vault sentinel (Vaults:5)
  A black mamba (Snake:3)
  A gargoyle (D:7)
  2 yaktaurs (Vaults:2)
  A yak (D:9)
  A vampire (D:9)
  An orc wizard (D:9)
  7 foxfires
70 creatures vanquished.

Vanquished Creatures (others)
  5 eldritch tentacles
  3 formless jellyfish (Vaults:2)
  A deep elf elementalist (Elf:3)
  A draconian annihilator (Zot:3)
  A white draconian (Zot:3)
  A bunyip (Swamp:3)
  An entropy weaver (Vaults:2)
  6 great orbs of eyes
  A vault guard (D:15)
  2 centaur warriors
  A boulder beetle (D:15)
  A naga sharpshooter (Snake:2)
  A glowing orange brain (shapeshifter) (D:13)
  2 deep trolls
  An orb spider (shapeshifter) (D:15)
  A glowing orange brain (Depths:3)
  A lindwurm (shapeshifter) (Vaults:5)
  A phantasmal warrior (Vaults:5)
  An ironbound convoker (Vaults:2)
  4 lindwurms (Vaults:2)
  2 wizards
  A deep elf pyromancer (D:15)
  A mana viper (shapeshifter) (Depths:4)
  An ugly thing (D:13)
  A cyclops (D:13)
  A moth of wrath (Zot:3)
  A moth of wrath (shapeshifter) (Depths:2)
  2 vault sentinels
  A black mamba (Lair:5)
  A yaktaur (shapeshifter) (Vaults:4)
  A bloated husk (Swamp:4)
  A wolf spider simulacrum (D:15)
  A troll (D:12)
  A hornet (Lair:3)
  37 slime creatures
  A wraith (D:13)
  A fire elemental (D:15)
  A hog (shapeshifter) (Vaults:5)
  A floating eye (Depths:4)
  A redback (shapeshifter) (Vaults:5)
  2 water moccasins
  2 black bears (D:8)
  An orc warrior (D:12)
  A kobold brigand (D:13)
  A killer bee (D:10)
  2 electric eels
  301 jellies
  5 orc priests
  An iguana (D:5)
  2 orc wizards
  An adder (D:5)
  2 gnolls (D:9)
  22 orcs
  2 bats (D:3)
  2 endoplasms
  A giant cockroach (D:1)
  A hobgoblin (D:3)
  A kobold (D:13)
  1319 foxfires
  A snaplasher vine (Depths:1)
1764 creatures vanquished.

Grand Total: 3718 creatures vanquished

Notes
Turn   | Place    | Note
-------+----------+-------------------------------------------
     0 | D:1      | LustLizard the Deep Elf Fire Elementalist began the quest
                  | for the Orb.
     0 | D:1      | Reached XP level 1. HP: 10/10 MP: 6/6
    53 | D:1      | Found a faded altar of an unknown god.
    92 | D:1      | Prayed at the altar of an unknown god.
    92 | D:1      | Became a worshipper of Jiyva Juffeade the Shapeless
    92 | D:1      | Reached * piety under Jiyva
   355 | D:1      | Reached ** piety under Jiyva
   434 | D:1      | Reached XP level 2. HP: 15/15 MP: 5/8
   783 | D:2      | Learned a level 2 spell: Scorch
   964 | D:2      | Reached XP level 3. HP: 20/20 MP: 7/9
  1284 | D:2      | Reached XP level 4. HP: 24/24 MP: 11/11
  1338 | D:2      | Reached *** piety under Jiyva
  1517 | D:2      | Learned a level 4 spell: Flame Wave
  1580 | D:3      | Reached skill level 1 in Evocations
  1582 | D:3      | Reached skill level 1 in Fighting
  1582 | D:3      | Noticed Terence
  1616 | D:3      | Killed Terence
  1617 | D:3      | Reached XP level 5. HP: 21/29 MP: 5/12
  1680 | D:3      | Gained mutation: You have very sharp teeth. [Jiyva's grace]
  1680 | D:3      | Gained mutation: You have extremely sharp teeth. [Jiyva's
                  | grace]
  1680 | D:3      | Gained mutation: You have razor-sharp teeth. [Jiyva's
                  | grace]
  1680 | D:3      | Gained mutation: You have sharp fingernails. [Jiyva's
                  | grace]
  1703 | D:3      | Noticed Ijyb
  1792 | D:3      | Found a hazy altar of Hepliaklqana.
  1800 | D:3      | Found a radiant altar of Vehumet.
  1803 | D:3      | Noticed Jessica
  1810 | D:3      | Killed Jessica
  1910 | D:3      | Found a runed translucent door.
  1911 | D:3      | Noticed Crazy Yiuf
  1947 | D:3      | Reached XP level 6. HP: 34/34 MP: 7/14
  2071 | D:3      | Killed Ijyb
  2155 | D:3      | Reached **** piety under Jiyva
  2723 | D:3      | Killed Crazy Yiuf
  2779 | D:3      | Learned a level 3 spell: Volatile Blastmotes
  2800 | D:4      | Reached skill level 5 in Fire Magic
  2903 | D:4      | Found a sparkling altar of Nemelex Xobeh.
  3020 | D:4      | Reached XP level 7. HP: 35/39 MP: 11/15
  3035 | D:4      | Reached ***** piety under Jiyva
  3805 | D:5      | Entered Level 5 of the Dungeon
  3966 | D:5      | Lost mutation: You have razor-sharp teeth. [Jiyva's grace]
  3966 | D:5      | Lost mutation: You have extremely sharp teeth. [Jiyva's
                  | grace]
  3966 | D:5      | Gained mutation: You are partially covered in iridescent
                  | scales. (AC +2) [Jiyva's grace]
  3966 | D:5      | Gained mutation: You are mostly covered in iridescent
                  | scales. (AC +4) [Jiyva's grace]
  3966 | D:5      | Gained mutation: You are completely covered in iridescent
                  | scales. (AC +6) [Jiyva's grace]
  3966 | D:5      | Gained mutation: You are agile. (Dex +4, Str/Int -1)
                  | [Jiyva's grace]
  3991 | D:5      | Found Arreb's Antique Armour Shop.
  3995 | D:5      | Found Wusmykh's Magic Scroll Boutique.
  3997 | D:5      | Found Deewedig's Antique Weapon Shoppe.
  3997 | D:5      | Found Qugg's Antique Armour Emporium.
  4001 | D:5      | Found Eriorugg's Antique Armour Shoppe.
  4006 | D:5      | Bought a scroll of teleportation for 36 gold pieces
  4121 | D:5      | Found Ipienai's General Store.
  4124 | D:5      | Bought a scroll of identify for 26 gold pieces
  4662 | D:6      | Reached skill level 5 in Spellcasting
  4746 | D:6      | Reached skill level 5 in Conjurations
  4746 | D:6      | Reached XP level 8. HP: 45/45 MP: 13/17
  4863 | D:6      | Reached ****** piety under Jiyva
  4905 | D:6      | Reached skill level 5 in Stealth
  5308 | D:7      | Lost mutation: You are completely covered in iridescent
                  | scales. (AC +6) [Jiyva's grace]
  5308 | D:7      | Gained mutation: You passively dampen the noise of your
                  | surroundings. [Jiyva's grace]
  5308 | D:7      | Gained mutation: Your flesh is cold resistant. (rC+)
                  | [Jiyva's grace]
  5308 | D:7      | Gained mutation: Your flesh is very cold resistant. (rC++)
                  | [Jiyva's grace]
  5308 | D:7      | Gained mutation: Your flesh is almost immune to the effects
                  | of cold. (rC+++) [Jiyva's grace]
  5355 | D:7      | Noticed Joseph
  5404 | D:7      | Found a staircase to the Ecumenical Temple.
  5457 | D:7      | Noticed Prince Ribbit
  5468 | D:7      | Killed Prince Ribbit
  5480 | D:7      | Noticed a gargoyle
  5492 | D:7      | Killed a gargoyle
  5642 | D:7      | Reached XP level 9. HP: 51/51 MP: 17/20
  5665 | D:7      | Noticed Menkaure
  5670 | D:7      | Killed Menkaure
  5848 | D:7      | Killed Joseph
  6003 | D:8      | Found a staircase to the Lair.
  6031 | D:8      | Reached skill level 5 in Dodging
  6118 | D:8      | Reached skill level 5 in Evocations
  6300 | D:8      | Reached XP level 10. HP: 56/56 MP: 20/22
  6311 | D:8      | Identified the +4 kite shield "Tayll" {rPois rN+ Dex+2}
  6753 | D:9      | Noticed a deep elf pyromancer
  6760 | D:9      | Killed a deep elf pyromancer
  6761 | D:9      | Reached skill level 1 in Shields
  6792 | D:9      | HP: 1/57 [something (7)]
  7120 | D:9      | Found a flagged portal.
  7139 | Bailey   | Entered a bailey
  7180 | Bailey   | Noticed an orc knight
  7187 | Bailey   | Killed an orc knight
  7188 | Bailey   | Reached skill level 5 in Fighting
  7348 | Bailey   | Reached XP level 11. HP: 63/63 MP: 20/25
  7359 | Bailey   | Lost mutation: You are agile. (Dex +4, Str/Int -1) [Jiyva's
                  | grace]
  7359 | Bailey   | Lost mutation: Your flesh is almost immune to the effects
                  | of cold. (rC+++) [Jiyva's grace]
  7359 | Bailey   | Lost mutation: Your flesh is very cold resistant. (rC++)
                  | [Jiyva's grace]
  7359 | Bailey   | Gained mutation: You are somewhat resistant to further
                  | mutation. [Jiyva's grace]
  7359 | Bailey   | Gained mutation: You are somewhat resistant to both further
                  | mutation and mutation removal. [Jiyva's grace]
  7359 | Bailey   | Gained mutation: You are almost entirely resistant to
                  | further mutation and mutation removal. [Jiyva's grace]
  7359 | Bailey   | Gained mutation: Your system is resistant to poisons.
                  | (rPois) [Jiyva's grace]
  7412 | Bailey   | Noticed an orc warlord
  7513 | Bailey   | Killed an orc warlord
  7514 | Bailey   | Reached skill level 10 in Conjurations
  7583 | Bailey   | Acquired 612 gold pieces
  7585 | Bailey   | Acquired the amulet "Unyall" {RegenMP rC+ Will+ Int+4}
  7592 | Bailey   | Acquired 778 gold pieces
  7736 | D:5      | Bought 2 scrolls of acquirement for 1248 gold pieces
  7736 | D:5      | Acquired 1152 gold pieces
  7738 | D:5      | Acquired a book of the Earth
  7747 | D:5      | Learned a level 6 spell: Leda's Unmaking
  7851 | D:5      | Bought an embroidered cloak for 202 gold pieces
  8025 | D:9      | Found a staircase to the Orcish Mines.
  8044 | D:9      | Reached skill level 1 in Earth Magic
  8069 | D:9      | Noticed a centaur warrior
  8076 | D:9      | Killed a centaur warrior
  8077 | D:9      | Reached skill level 2 in Earth Magic
  8095 | D:9      | Noticed a centaur warrior
  8160 | D:9      | Killed a centaur warrior
  8178 | D:9      | Noticed Erica
  8183 | D:9      | Killed Erica
  8184 | D:9      | Reached skill level 3 in Earth Magic
  8412 | D:9      | Learned a level 5 spell: Lee's Rapid Deconstruction
  8413 | D:10     | Entered Level 10 of the Dungeon
  8498 | D:10     | Found a glowing silver altar of Zin.
  8587 | D:10     | Reached skill level 4 in Earth Magic
  8597 | D:10     | Noticed a two-headed ogre
  8621 | D:10     | Killed a two-headed ogre
  9080 | D:11     | Lost mutation: You have very sharp teeth. [Jiyva's grace]
  9080 | D:11     | Lost mutation: Your flesh is cold resistant. (rC+) [Jiyva's
                  | grace]
  9080 | D:11     | Lost mutation: You passively dampen the noise of your
                  | surroundings. [Jiyva's grace]
  9080 | D:11     | Gained mutation: You are robust. (+10% HP) [Jiyva's grace]
  9080 | D:11     | Gained mutation: You are very robust. (+20% HP) [Jiyva's
                  | grace]
  9080 | D:11     | Gained mutation: You are extremely robust. (+30% HP)
                  | [Jiyva's grace]
  9080 | D:11     | Gained mutation: You have a small jelly attached to you
                  | that senses nearby items. [Jiyva's grace]
  9179 | D:11     | Noticed a tengu warrior
  9179 | D:11     | Noticed a tengu warrior
  9185 | D:11     | Killed a tengu warrior
  9186 | D:11     | Reached skill level 5 in Earth Magic
  9188 | D:11     | Killed a tengu warrior
  9189 | D:11     | Reached XP level 12. HP: 68/91 MP: 16/27
  9247 | D:11     | Reached skill level 10 in Spellcasting
  9602 | D:12     | Reached skill level 6 in Earth Magic
  9800 | D:12     | Noticed a boulder beetle
  9810 | D:12     | Was placed under penance by Jiyva
  9838 | D:12     | Killed a boulder beetle
 10210 | D:12     | Was forgiven by Jiyva
 10310 | D:13     | Killed a centaur warrior
 10476 | Orc:1    | Entered Level 1 of the Orcish Mines
 10540 | Orc:2    | Entered Level 2 of the Orcish Mines
 10540 | Orc:2    | Found a staircase to the Elven Halls.
 10565 | Orc:1    | Reached skill level 7 in Earth Magic
 10875 | Orc:2    | Noticed a two-headed ogre
 10880 | Orc:2    | Killed a two-headed ogre
 10881 | Orc:2    | Reached skill level 5 in Shields
 11153 | Orc:2    | Noticed an orc warlord
 11349 | Orc:2    | Found Billoets's Antique Weapon Shop.
 11418 | Orc:2    | Found Cuirch's Armour Shoppe.
 11572 | Orc:2    | Killed an orc warlord
 11573 | Orc:2    | Reached skill level 8 in Earth Magic
 11657 | Orc:2    | Found Ibuoxus's Antique Weapon Emporium.
 11659 | Orc:2    | Found Badiz's Antique Armour Shoppe.
 11666 | Orc:2    | Bought a brightly glowing cloak for 228 gold pieces
 11666 | Orc:2    | Identified the +0 cloak of Honour {Will+ Str+2} (You bought
                  | it in a shop on level 2 of the Orcish Mines)
 11798 | D:5      | Bought a distressingly furry leather armour for 126 gold
                  | pieces
 11798 | D:5      | Identified the +3 leather armour of Untruth {Rampage +Inv}
                  | (You bought it in a shop on level 5 of the Dungeon)
 11914 | Orc:2    | Bought a brightly glowing scimitar for 216 gold pieces
 11914 | Orc:2    | Identified the +7 scimitar "Wityntea" {heavy, rElec rN+
                  | Will- Dex+5} (You bought it in a shop on level 2 of the
                  | Orcish Mines)
 11999 | Lair:1   | Entered Level 1 of the Lair of Beasts
 12151 | Lair:1   | Reached XP level 13. HP: 98/98 MP: 15/30
 12263 | Lair:1   | Lost mutation: You are extremely robust. (+30% HP) [Jiyva's
                  | grace]
 12263 | Lair:1   | Lost mutation: You have a small jelly attached to you that
                  | senses nearby items. [Jiyva's grace]
 12263 | Lair:1   | Gained mutation: You possess an exceptional clarity of
                  | mind. [Jiyva's grace]
 12263 | Lair:1   | Gained mutation: You are agile. (Dex +4, Str/Int -1)
                  | [Jiyva's grace]
 12263 | Lair:1   | Gained mutation: You are very agile. (Dex +8, Str/Int -2)
                  | [Jiyva's grace]
 12263 | Lair:1   | Gained mutation: You are strong-willed. (Will+) [Jiyva's
                  | grace]
 12611 | Lair:1   | Reached skill level 10 in Dodging
 12985 | Lair:2   | Learned a level 2 spell: Blink
 12992 | Lair:2   | Reached skill level 9 in Earth Magic
 13019 | Lair:2   | Found an opulent altar of Gozag.
 13316 | Lair:2   | Found a dark tunnel.
 13325 | Volcano  | Entered a volcano
 13450 | Volcano  | Found a bloodstained altar of Trog.
 13643 | Lair:2   | Reached skill level 10 in Earth Magic
 14643 | Lair:3   | Reached XP level 14. HP: 100/100 MP: 17/32
 14725 | Lair:3   | Lost mutation: You are mostly covered in iridescent scales.
                  | (AC +4) [Jiyva's grace]
 14725 | Lair:3   | Lost mutation: You are very robust. (+20% HP) [Jiyva's
                  | grace]
 14725 | Lair:3   | Gained mutation: Your melee attacks may engulf your foes in
                  | ooze. [Jiyva's grace]
 14725 | Lair:3   | Gained mutation: You have a pair of small horns on your
                  | head. [Jiyva's grace]
 14725 | Lair:3   | Gained mutation: You have a pair of horns on your head.
                  | [Jiyva's grace]
 14725 | Lair:3   | Gained mutation: You have a pair of large horns on your
                  | head. [Jiyva's grace]
 14795 | Lair:3   | Found a staircase to the Snake Pit.
 14818 | Lair:3   | Found a staircase to the Swamp.
 15326 | Lair:3   | Reached skill level 11 in Earth Magic
 15340 | Lair:4   | Found an iron altar of Okawaru.
 16350 | Lair:5   | Entered Level 5 of the Lair of Beasts
 16442 | Lair:5   | Reached skill level 1 in Translocations
 16854 | Lair:5   | Lost mutation: You possess an exceptional clarity of mind.
                  | [Jiyva's grace]
 16854 | Lair:5   | Lost mutation: You are almost entirely resistant to further
                  | mutation and mutation removal. [Jiyva's grace]
 16854 | Lair:5   | Lost mutation: Your system is resistant to poisons. (rPois)
                  | [Jiyva's grace]
 16854 | Lair:5   | Lost mutation: Your melee attacks may engulf your foes in
                  | ooze. [Jiyva's grace]
 16854 | Lair:5   | Gained mutation: Your melee attacks may engulf your foes in
                  | ooze. [Jiyva's grace]
 16854 | Lair:5   | Gained mutation: Your natural rate of healing is unusually
                  | fast. [Jiyva's grace]
 16854 | Lair:5   | Gained mutation: You heal very quickly. [Jiyva's grace]
 16854 | Lair:5   | Gained mutation: You regenerate. [Jiyva's grace]
 16933 | Lair:5   | Reached skill level 12 in Earth Magic
 17070 | Lair:5   | Found a viscous altar of Jiyva.
 17070 | Lair:5   | Found a staircase to the Slime Pits.
 17570 | Lair:5   | Found a large runed translucent door.
 17570 | Lair:5   | Found a large runed translucent door.
 17867 | Slime:1  | Entered Level 1 of the Pits of Slime
 17867 | Slime:1  | Noticed an acid blob
 17867 | Slime:1  | Noticed an azure jelly
 17868 | Slime:1  | Noticed an acid blob
 17870 | Slime:1  | Noticed a quicksilver ooze
 17919 | Slime:3  | Noticed a quicksilver ooze
 17926 | Slime:4  | Noticed a rockslime
 17929 | Slime:4  | Noticed an acid blob
 17930 | Slime:4  | Noticed an acid blob
 17930 | Slime:4  | Noticed an acid blob
 17932 | Slime:4  | Noticed an azure jelly
 17935 | Slime:5  | Entered Level 5 of the Pits of Slime
 17935 | Slime:5  | Noticed an acid blob
 17945 | Slime:5  | Noticed an azure jelly
 17947 | Slime:5  | Noticed an acid blob
 17951 | Slime:5  | Noticed an acid blob
 17961 | Slime:5  | Noticed an acid blob
 17964 | Slime:5  | Found a viscous altar of Jiyva.
 17968 | Slime:5  | Noticed an acid blob
 17970 | Slime:5  | Noticed an acid blob
 17970 | Slime:5  | Noticed an acid blob
 17978 | Slime:5  | Noticed an acid blob
 17982 | Slime:5  | Noticed an azure jelly
 17983 | Slime:5  | Identified the +6 short sword of Capital Punishment {flame,
                  | rC+}
 17993 | Slime:5  | Noticed an acid blob
 18002 | Slime:5  | Noticed an acid blob
 18027 | Slime:5  | Noticed a rockslime
 18086 | Slime:5  | Noticed an acid blob
 18090 | Slime:5  | Noticed the Royal Jelly
 18092 | Slime:5  | Noticed an acid blob
 18099 | Slime:5  | Identified the +5 long sword of the Shouting Penguin
                  | {freeze, Str+4 Int+3}
 18102 | Slime:5  | Got a slimy rune of Zot
 18239 | Slime:5  | Identified the staff "Undertaker" {rElec rF+ Air}
 18242 | Slime:5  | Got the Atlas of the Mighty Band
 18303 | Slime:5  | Noticed a formless jellyfish
 18305 | Slime:5  | Noticed a formless jellyfish
 18399 | Slime:3  | Noticed an azure jelly
 18403 | Slime:3  | Noticed an acid blob
 18601 | D:13     | Noticed Sonja
 18608 | D:13     | Killed Sonja
 18615 | D:13     | Reached XP level 15. HP: 87/99 MP: 6/34
 18641 | D:13     | Reached skill level 1 in Long Blades
 18750 | D:13     | Noticed a sphinx
 18763 | D:13     | Killed a sphinx
 18837 | D:13     | Identified the +9 falchion of Moumn {flame, rElec rC+}
 19350 | D:13     | Reached skill level 13 in Earth Magic
 19746 | D:14     | Identified the +1 ring mail of the King of the Hill {Str+2}
 19828 | D:14     | Found Teiduqio's Antique Weapon Shoppe.
 20128 | D:14     | Found Qythrunni's Assorted Antiques.
 20133 | D:14     | Bought a fuming pink potion for 28 gold pieces
 20133 | D:14     | Bought a scroll labelled JYLLAZX EKOWK for 32 gold pieces
 20135 | D:14     | Noticed Kirke
 20148 | D:14     | Killed Kirke
 20185 | D:14     | Lost mutation: You have sharp fingernails. [Jiyva's grace]
 20185 | D:14     | Lost mutation: You have a pair of large horns on your head.
                  | [Jiyva's grace]
 20185 | D:14     | Lost mutation: You are very agile. (Dex +8, Str/Int -2)
                  | [Jiyva's grace]
 20185 | D:14     | Gained mutation: You passively map a small area around you.
                  | [Jiyva's grace]
 20185 | D:14     | Gained mutation: You passively map the area around you.
                  | [Jiyva's grace]
 20185 | D:14     | Gained mutation: You passively map a large area around you.
                  | [Jiyva's grace]
 20185 | D:14     | Gained mutation: Your body has grown eyes which may confuse
                  | attackers. (Acc +3) [Jiyva's grace]
 20208 | D:14     | Found a gate to the Vaults.
 20839 | D:15     | Entered Level 15 of the Dungeon
 20894 | D:15     | Identified the ring of Ziyn {Ice rElec Int-5 Dex+6}
 20911 | D:15     | Found Isaaxel's General Store.
 20965 | D:15     | Noticed a frost giant
 20969 | D:15     | Killed a frost giant
 21005 | D:15     | Identified the ring of Wariness {rF+ rCorr}
 21050 | D:15     | Found Pezumu's Armour Emporium.
 21057 | D:15     | Bought a +0 pair of gloves for 72 gold pieces
 21057 | D:15     | Bought a +0 pair of boots for 72 gold pieces
 21088 | D:15     | Noticed Azrael
 21093 | D:15     | Killed Azrael
 21156 | D:15     | Found a staircase to the Depths.
 21156 | D:15     | Found a transporter.
 21160 | D:15     | Identified the ring "Efinigh" {Wiz Str+2 Int+3 Stlth+}
 21175 | D:15     | Reached skill level 5 in Long Blades
 21205 | D:15     | Noticed Louise
 21221 | D:15     | Reached skill level 14 in Earth Magic
 21224 | D:15     | Killed Louise
 21225 | D:15     | Reached XP level 16. HP: 69/105 MP: 7/36
 21322 | D:15     | Found a transporter.
 21359 | D:15     | Found Pyucwij's Jewellery Emporium.
 21633 | Depths:1 | Entered Level 1 of the Depths
 21849 | Swamp:1  | Entered Level 1 of the Swamp
 22215 | Swamp:1  | Noticed Mlioglotl
 22216 | Swamp:1  | Noticed a bone dragon
 22223 | Swamp:1  | Noticed a tentacled starspawn
 22226 | Swamp:1  | Killed Mlioglotl
 22552 | Swamp:1  | Learned a level 7 spell: Malign Gateway
 22709 | Swamp:2  | Found a runed translucent gate.
 22709 | Swamp:2  | Found a runed translucent gate.
 22709 | Swamp:2  | Found a runed translucent gate.
 22710 | Swamp:2  | Noticed Wiladeyst's ghost (adept TrSh)
 22711 | Swamp:2  | Noticed Tiex's ghost (adept TrFi)
 22711 | Swamp:2  | You fall into a shaft and drop 1 floor!
 22726 | Swamp:3  | Reached skill level 1 in Summonings
 22957 | Swamp:3  | Reached skill level 10 in Fighting
 22988 | Swamp:3  | Noticed Mara
 22991 | Swamp:3  | Reached skill level 15 in Spellcasting
 23024 | Swamp:3  | Killed Mara
 23025 | Swamp:3  | Reached skill level 5 in Translocations
 23089 | Swamp:3  | Lost mutation: You are partially covered in iridescent
                  | scales. (AC +2) [Jiyva's grace]
 23089 | Swamp:3  | Lost mutation: You are somewhat resistant to both further
                  | mutation and mutation removal. [Jiyva's grace]
 23089 | Swamp:3  | Lost mutation: You regenerate. [Jiyva's grace]
 23089 | Swamp:3  | Lost mutation: Your body has grown eyes which may confuse
                  | attackers. (Acc +3) [Jiyva's grace]
 23089 | Swamp:3  | Gained mutation: Your spells are a little harder to cast,
                  | but a little more powerful. [Jiyva's grace]
 23089 | Swamp:3  | Gained mutation: Your spells are harder to cast, but more
                  | powerful. [Jiyva's grace]
 23089 | Swamp:3  | Gained mutation: Your spells are much harder to cast, but
                  | much more powerful. [Jiyva's grace]
 23089 | Swamp:3  | Gained mutation: You expend magic power (3 MP) to
                  | strengthen your wands. [Jiyva's grace]
 23523 | Swamp:2  | Learned a level 3 spell: Swiftness
 23845 | Swamp:4  | Entered Level 4 of the Swamp
 24210 | Swamp:4  | Noticed the 27-headed Lernaean hydra
 24409 | Swamp:4  | Reached XP level 17. HP: 111/112 MP: 27/38
 24411 | Swamp:4  | Reached skill level 5 in Summonings
 24594 | Swamp:4  | Killed the 27-headed Lernaean hydra
 24740 | Swamp:4  | Got a decaying rune of Zot
 25108 | Snake:1  | Entered Level 1 of the Snake Pit
 25154 | Snake:1  | Lost mutation: You have a pair of horns on your head.
                  | [Jiyva's grace]
 25154 | Snake:1  | Lost mutation: You passively map a large area around you.
                  | [Jiyva's grace]
 25154 | Snake:1  | Lost mutation: You are robust. (+10% HP) [Jiyva's grace]
 25154 | Snake:1  | Lost mutation: Your spells are much harder to cast, but
                  | much more powerful. [Jiyva's grace]
 25154 | Snake:1  | Gained mutation: You have a small jelly attached to you
                  | that may absorb projectiles. [Jiyva's grace]
 25154 | Snake:1  | Gained mutation: Your mind is acute. (Int +4, Str/Dex -1)
                  | [Jiyva's grace]
 25154 | Snake:1  | Gained mutation: Your mind is very acute. (Int +8, Str/Dex
                  | -2) [Jiyva's grace]
 25154 | Snake:1  | Gained mutation: You regenerate. [Jiyva's grace]
 25158 | Snake:1  | Noticed Aizul
 25196 | Lair:3   | Killed Aizul
 25320 | Snake:1  | Noticed Roxanne
 25360 | Snake:1  | Was placed under penance by Jiyva
 25486 | Snake:1  | Killed Roxanne
 25497 | Snake:1  | Found Mihuth's CLEARANCE SALE!.
 25503 | Snake:1  | Bought a scroll of amnesia for 16 gold pieces
 25503 | Snake:1  | Bought a potion of attraction for 12 gold pieces
 25552 | Snake:1  | Was forgiven by Jiyva
 25631 | Snake:1  | Noticed Jorgrun
 25636 | Snake:1  | Killed Jorgrun
 25899 | Snake:1  | Identified the ring "Picrax" {*Slow rElec rPois rCorr
                  | Int+6}
 26484 | Snake:2  | Noticed Saint Roka
 26492 | Snake:2  | Killed Saint Roka
 26620 | Snake:2  | Noticed Vashnia
 26670 | Snake:2  | Killed Vashnia
 26671 | Snake:2  | Reached XP level 18. HP: 96/108 MP: 20/40
 26682 | Snake:2  | Learned a level 5 spell: Summon Forest
 26688 | Snake:2  | Learned a level 5 spell: Summon Mana Viper
 27159 | Snake:3  | Found Jaownap's Assorted Antiques.
 27159 | Snake:3  | Found Feuceij's Antique Armour Boutique.
 27187 | Snake:3  | Bought a potion of curing for 99 gold pieces
 27187 | Snake:3  | Bought a potion of heal wounds for 165 gold pieces
 27187 | Snake:3  | Bought a scroll of enchant armour for 247 gold pieces
 27591 | Snake:4  | Entered Level 4 of the Snake Pit
 27802 | Snake:4  | Reached skill level 10 in Long Blades
 27820 | Snake:4  | Reached skill level 10 in Translocations
 27898 | Snake:4  | Lost mutation: You passively map the area around you.
                  | [Jiyva's grace]
 27898 | Snake:4  | Lost mutation: You regenerate. [Jiyva's grace]
 27898 | Snake:4  | Lost mutation: You have a small jelly attached to you that
                  | may absorb projectiles. [Jiyva's grace]
 27898 | Snake:4  | Gained mutation: You are partially covered in iridescent
                  | scales. (AC +2) [Jiyva's grace]
 27898 | Snake:4  | Gained mutation: You are mostly covered in iridescent
                  | scales. (AC +4) [Jiyva's grace]
 27898 | Snake:4  | Gained mutation: You are completely covered in iridescent
                  | scales. (AC +6) [Jiyva's grace]
 27898 | Snake:4  | Gained mutation: You have a pair of horns on your head.
                  | [Jiyva's grace]
 27984 | Snake:4  | Found a burning altar of Makhleb.
 28232 | Snake:4  | Reached skill level 10 in Shields
 28420 | Snake:4  | Got a serpentine rune of Zot
 28820 | Vaults:1 | Entered Level 1 of the Vaults
 28821 | Vaults:1 | Acquired 719 gold pieces
 28994 | D:5      | Bought a scroll of teleportation for 39 gold pieces
 28994 | D:5      | Bought the +1 pair of boots of the Cricket {rC+} for 305
                  | gold pieces
 29005 | D:5      | Bought a potion of enlightenment for 65 gold pieces
 29188 | D:14     | Bought a potion of heal wounds for 160 gold pieces
 29188 | D:14     | Bought 2 potions of heal wounds for 320 gold pieces
 29253 | D:14     | Bought a transparent scimitar for 216 gold pieces
 29253 | D:14     | Identified the +6 scimitar of Desperation {spect, rF+} (You
                  | bought it in a shop on level 14 of the Dungeon)
 29417 | Vaults:1 | Reached skill level 10 in Summonings
 29511 | Vaults:1 | Reached XP level 19. HP: 103/115 MP: 20/41
 30079 | Vaults:1 | Found Funohito's Assorted Antiques.
 30842 | Vaults:2 | Lost mutation: You have a pair of horns on your head.
                  | [Jiyva's grace]
 30842 | Vaults:2 | Lost mutation: You are completely covered in iridescent
                  | scales. (AC +6) [Jiyva's grace]
 30842 | Vaults:2 | Lost mutation: You are mostly covered in iridescent scales.
                  | (AC +4) [Jiyva's grace]
 30842 | Vaults:2 | Lost mutation: You heal very quickly. [Jiyva's grace]
 30842 | Vaults:2 | Lost mutation: Your spells are harder to cast, but more
                  | powerful. [Jiyva's grace]
 30842 | Vaults:2 | Lost mutation: You expend magic power (3 MP) to strengthen
                  | your wands. [Jiyva's grace]
 30842 | Vaults:2 | Gained mutation: You have a small jelly attached to you
                  | that senses nearby items. [Jiyva's grace]
 30842 | Vaults:2 | Gained mutation: Your skin changes colour to match your
                  | surroundings (Stealth+). [Jiyva's grace]
 30842 | Vaults:2 | Gained mutation: Your skin blends seamlessly with your
                  | surroundings (Stealth++). [Jiyva's grace]
 30842 | Vaults:2 | Gained mutation: Your skin perfectly mimics your
                  | surroundings (Stealth+++). [Jiyva's grace]
 31230 | Vaults:2 | Noticed Jory
 31238 | Vaults:2 | Killed Jory
 31319 | Vaults:2 | Noticed a bone dragon
 31320 | Vaults:2 | Found a staircase to the Crypt.
 31325 | Vaults:2 | Killed a bone dragon
 31342 | Vaults:2 | Noticed Zenata
 31546 | Vaults:2 | Noticed Margery
 31552 | Vaults:2 | Killed Margery
 31678 | Vaults:2 | Killed Zenata
 31876 | Vaults:2 | Lost mutation: Your skin perfectly mimics your surroundings
                  | (Stealth+++). [Jiyva's grace]
 31876 | Vaults:2 | Lost mutation: You are strong-willed. (Will+) [Jiyva's
                  | grace]
 31876 | Vaults:2 | Lost mutation: Your spells are a little harder to cast, but
                  | a little more powerful. [Jiyva's grace]
 31876 | Vaults:2 | Lost mutation: You have a small jelly attached to you that
                  | senses nearby items. [Jiyva's grace]
 31876 | Vaults:2 | Gained mutation: You are mostly covered in iridescent
                  | scales. (AC +4) [Jiyva's grace]
 31876 | Vaults:2 | Gained mutation: You are completely covered in iridescent
                  | scales. (AC +6) [Jiyva's grace]
 31876 | Vaults:2 | Gained mutation: Your body has grown eyes which may confuse
                  | attackers. (Acc +3) [Jiyva's grace]
 31876 | Vaults:2 | Gained mutation: Your body has grown many eyes which may
                  | confuse attackers. (Acc +5) [Jiyva's grace]
 32328 | Vaults:3 | Noticed Donald
 32335 | Vaults:3 | Killed Donald
 32466 | Vaults:3 | Noticed Norris
 32474 | Vaults:3 | Killed Norris
 32475 | Vaults:3 | Reached XP level 20. HP: 91/121 MP: 43/43
 33333 | Vaults:4 | Learned a level 7 spell: Summon Hydra
 33636 | Vaults:4 | Lost mutation: You have a pair of small horns on your head.
                  | [Jiyva's grace]
 33636 | Vaults:4 | Lost mutation: You are completely covered in iridescent
                  | scales. (AC +6) [Jiyva's grace]
 33636 | Vaults:4 | Lost mutation: You are mostly covered in iridescent scales.
                  | (AC +4) [Jiyva's grace]
 33636 | Vaults:4 | Lost mutation: You are somewhat resistant to further
                  | mutation. [Jiyva's grace]
 33636 | Vaults:4 | Lost mutation: Your melee attacks may engulf your foes in
                  | ooze. [Jiyva's grace]
 33636 | Vaults:4 | Gained mutation: Armour fits poorly on your pseudopods.
                  | [Jiyva's grace]
 33636 | Vaults:4 | Gained mutation: Armour fits poorly on your large
                  | pseudopods. [Jiyva's grace]
 33636 | Vaults:4 | Gained mutation: Armour fits poorly on your massive
                  | pseudopods. [Jiyva's grace]
 33636 | Vaults:4 | Gained mutation: You have a small jelly attached to you
                  | that senses nearby items. [Jiyva's grace]
 33984 | Vaults:4 | Found a transporter.
 33992 | Vaults:4 | Found a transporter.
 34660 | Elf:1    | Entered Level 1 of the Elven Halls
 34703 | Elf:1    | Paralysed by an air elemental for 1 turns
 35419 | Elf:1    | Found Kongurug's Antique Armour Emporium.
 35422 | Elf:1    | Bought a twisted robe for 188 gold pieces
 35422 | Elf:1    | Identified the +0 robe of Hyowkudy {rPois rF- Dex-5 Stlth+}
                  | (You bought it in a shop on level 1 of the Elven Halls)
 35441 | Elf:1    | Paralysed by an air elemental for 1 turns
 35445 | Elf:1    | Paralysed by an air elemental for 1 turns
 36160 | Elf:2    | Found a runed translucent gate.
 36160 | Elf:2    | Found a runed translucent gate.
 36160 | Elf:2    | Found a runed translucent gate.
 36318 | Elf:2    | Lost mutation: Your body has grown many eyes which may
                  | confuse attackers. (Acc +5) [Jiyva's grace]
 36318 | Elf:2    | Lost mutation: Armour fits poorly on your massive
                  | pseudopods. [Jiyva's grace]
 36318 | Elf:2    | Gained mutation: Armour fits poorly on your massive
                  | pseudopods. [Jiyva's grace]
 36318 | Elf:2    | Gained mutation: Your muscles are strong. (Str +4, Int/Dex
                  | -1) [Jiyva's grace]
 36318 | Elf:2    | Gained mutation: Your muscles are very strong. (Str +8,
                  | Int/Dex -2) [Jiyva's grace]
 36318 | Elf:2    | Gained mutation: Your movements are slightly less
                  | encumbered by armour. (ER -2) [Jiyva's grace]
 36647 | Elf:2    | Reached XP level 21. HP: 128/128 MP: 35/45
 37505 | Depths:1 | Found a gateway to Hell.
 37588 | Depths:1 | HP: 5/128 [hell hog/fireball (25)]
 37588 | Depths:1 | HP: 2/128 [hell hog/fireball (3)]
 37634 | Depths:1 | Found a radiant altar of Vehumet.
 37878 | Depths:1 | HP: 2/128 [hell hog/fireball (36)]
 38124 | Depths:1 | Found a one-way gate to the infinite horrors of the Abyss.
 38161 | Depths:1 | Reached skill level 15 in Earth Magic
 38205 | Depths:1 | Identified the +0 leather armour "Fythuqy" {Dex+2}
 38659 | Depths:2 | Lost mutation: Your skin blends seamlessly with your
                  | surroundings (Stealth++). [Jiyva's grace]
 38659 | Depths:2 | Lost mutation: Armour fits poorly on your massive
                  | pseudopods. [Jiyva's grace]
 38659 | Depths:2 | Gained mutation: You have large cloven feet. [Jiyva's
                  | grace]
 38659 | Depths:2 | Gained mutation: You have hoof-like feet. [Jiyva's grace]
 38659 | Depths:2 | Gained mutation: You have hooves in place of feet. [Jiyva's
                  | grace]
 38659 | Depths:2 | Gained mutation: Your body has grown many eyes which may
                  | confuse attackers. (Acc +5) [Jiyva's grace]
 38666 | Depths:2 | Found a one-way gate leading to the halls of Pandemonium.
 38667 | Depths:2 | Found a portal to a secret trove of treasure.
 39012 | Snake:3  | Bought shiny ice dragon scales for 1512 gold pieces
 40122 | Depths:2 | Identified the orb "Woxeff" {guile, Drain Str+8 Stlth+}
 40499 | Depths:3 | Noticed a golden dragon
 40515 | Depths:3 | Killed a golden dragon
 40685 | Depths:3 | Reached skill level 10 in Fire Magic
 40712 | Depths:3 | Reached skill level 16 in Earth Magic
 40834 | Depths:3 | Noticed a golden dragon
 40845 | Depths:3 | Noticed a golden dragon
 40848 | Depths:3 | Reached XP level 22. HP: 115/135 MP: 12/47
 40855 | Depths:3 | Killed a golden dragon
 40919 | Depths:3 | Found a corrupted altar of Lugonu.
 41003 | Depths:3 | Killed a golden dragon
 41092 | Depths:3 | Found a one-way gateway to a ziggurat.
 41662 | Depths:4 | Entered Level 4 of the Depths
 41744 | Depths:4 | Noticed a golden dragon
 41751 | Depths:4 | Killed a golden dragon
 41752 | Depths:4 | Reached skill level 1 in Armour
 41865 | Depths:4 | Noticed a caustic shrike
 42068 | Depths:4 | Reached skill level 17 in Earth Magic
 42132 | Depths:4 | Noticed a caustic shrike
 42138 | Depths:4 | Killed a caustic shrike
 42138 | Depths:4 | Noticed a caustic shrike
 42172 | Depths:4 | Killed a caustic shrike
 42175 | Depths:4 | Killed a caustic shrike
 42216 | Depths:4 | Noticed a golden dragon
 42227 | Depths:4 | Killed a golden dragon
 42456 | Depths:4 | Noticed a golden dragon
 42468 | Depths:4 | Lost mutation: You are partially covered in iridescent
                  | scales. (AC +2) [Jiyva's grace]
 42468 | Depths:4 | Lost mutation: Your muscles are very strong. (Str +8,
                  | Int/Dex -2) [Jiyva's grace]
 42468 | Depths:4 | Lost mutation: Your muscles are strong. (Str +4, Int/Dex
                  | -1) [Jiyva's grace]
 42468 | Depths:4 | Lost mutation: Your body has grown many eyes which may
                  | confuse attackers. (Acc +5) [Jiyva's grace]
 42468 | Depths:4 | Gained mutation: Your movements are less encumbered by
                  | armour. (ER -4) [Jiyva's grace]
 42468 | Depths:4 | Gained mutation: Your movements are significantly less
                  | encumbered by armour. (ER -6) [Jiyva's grace]
 42468 | Depths:4 | Gained mutation: Your system is resistant to poisons.
                  | (rPois) [Jiyva's grace]
 42468 | Depths:4 | Gained mutation: Your flesh is cold resistant. (rC+)
                  | [Jiyva's grace]
 42485 | Depths:4 | Noticed a golden dragon
 42492 | Depths:4 | Killed a golden dragon
 42588 | Depths:4 | Killed a golden dragon
 42722 | Depths:4 | Noticed a golden dragon
 42949 | Depths:4 | Killed a golden dragon
 43071 | Depths:4 | Found a gate to the Realm of Zot.
 43414 | Depths:4 | Reached XP level 23. HP: 97/141 MP: 38/48
 43570 | Depths:4 | Identified the staff "Geriadgh" {rC+ Int+3 Dex+3 Ice}
 43901 | Elf:3    | Entered Level 3 of the Elven Halls
 44081 | Elf:3    | Reached skill level 18 in Earth Magic
 44420 | Elf:3    | Found the necklace of Bloodlust {Fury *Rage Will++ Int-3
                  | Slay+6}
 44438 | Elf:3    | Found the +12 pair of quick blades "Gyre" and "Gimble"
                  | {protect}
 44441 | Elf:3    | Got the Folio of Kinetic Energy
 44442 | Elf:3    | Identified the ring of Miasuu {rPois Int+3 Dex+6}
 44507 | Elf:3    | Identified the +2 halberd of Idynky {pain, rElec rPois rF-}
 44527 | Elf:3    | Identified the +4 chain mail of Too Many Cooks {+Inv Regen+
                  | Int+5 Stlth-}
 44651 | Elf:3    | Identified the +2 plate armour of Relativism {Rampage Fly
                  | rF+}
 45576 | Vaults:4 | Learned a level 4 spell: Manifold Assault
 45577 | Vaults:5 | Entered Level 5 of the Vaults
 46033 | Vaults:5 | Reached skill level 5 in Armour
 46149 | Vaults:5 | Learned a level 8 spell: Lehudib's Crystal Spear
 46544 | Vaults:5 | Noticed a dread lich
 46551 | Vaults:5 | Killed a dread lich
 46956 | Vaults:5 | Lost mutation: You have hooves in place of feet. [Jiyva's
                  | grace]
 46956 | Vaults:5 | Lost mutation: You have hoof-like feet. [Jiyva's grace]
 46956 | Vaults:5 | Lost mutation: Your movements are significantly less
                  | encumbered by armour. (ER -6) [Jiyva's grace]
 46956 | Vaults:5 | Gained mutation: You are robust. (+10% HP) [Jiyva's grace]
 46956 | Vaults:5 | Gained mutation: You are very robust. (+20% HP) [Jiyva's
                  | grace]
 46956 | Vaults:5 | Gained mutation: You are extremely robust. (+30% HP)
                  | [Jiyva's grace]
 46956 | Vaults:5 | Gained mutation: You have an increased reservoir of magic.
                  | (+10% MP) [Jiyva's grace]
 47066 | Vaults:5 | Got a silver rune of Zot
 47091 | Vaults:5 | Learned a level 9 spell: Shatter
 47097 | Vaults:5 | Identified the staff of Wondrous Power {rC+ rN++ Will+
                  | Str+3 SInv Ice}
 47236 | Vaults:5 | Found Xuegg's Distillery.
 47247 | Vaults:5 | Found Quesasih's Magic Scroll Shoppe.
 47253 | Vaults:5 | Bought a scroll of identify for 38 gold pieces
 47253 | Vaults:5 | Bought a scroll of revelation for 142 gold pieces
 47253 | Vaults:5 | Bought a scroll of summoning for 180 gold pieces
 47253 | Vaults:5 | Bought a scroll of revelation for 142 gold pieces
 47522 | Vaults:5 | Reached XP level 24. HP: 193/193 MP: 22/52
 47806 | Vaults:5 | Bought a potion of brilliance for 64 gold pieces
 47806 | Vaults:5 | Bought a potion of enlightenment for 80 gold pieces
 47806 | Vaults:5 | Bought a potion of curing for 48 gold pieces
 47806 | Vaults:5 | Bought a potion of haste for 160 gold pieces
 47905 | Vaults:1 | Reached skill level 19 in Earth Magic
 47982 | Vaults:5 | Bought a scroll of enchant armour for 142 gold pieces
 48068 | Vaults:1 | Bought a potion of heal wounds for 215 gold pieces
 48290 | Zot:1    | Entered Level 1 of the Realm of Zot
 48648 | Zot:1    | Identified the ring "Fyl Zogi" {Will+ AC+4}
 48656 | Zot:1    | Noticed an orb of fire
 48667 | Zot:1    | Killed an orb of fire
 48722 | Zot:1    | Reached skill level 15 in Dodging
 49153 | Zot:2    | Reached skill level 15 in Fighting
 49643 | Zot:2    | Noticed an orb of fire
 49654 | Zot:2    | Gained mutation: You sometimes lose your temper in combat.
                  | [an orb of fire]
 49656 | Zot:2    | Killed an orb of fire
 49763 | Zot:2    | Reached skill level 20 in Earth Magic
 50172 | Zot:3    | Lost mutation: You have large cloven feet. [Jiyva's grace]
 50172 | Zot:3    | Lost mutation: Your mind is very acute. (Int +8, Str/Dex
                  | -2) [Jiyva's grace]
 50172 | Zot:3    | Lost mutation: Your mind is acute. (Int +4, Str/Dex -1)
                  | [Jiyva's grace]
 50172 | Zot:3    | Lost mutation: Your flesh is cold resistant. (rC+) [Jiyva's
                  | grace]
 50172 | Zot:3    | Lost mutation: You passively map a small area around you.
                  | [Jiyva's grace]
 50172 | Zot:3    | Lost mutation: You are extremely robust. (+30% HP) [Jiyva's
                  | grace]
 50172 | Zot:3    | Lost mutation: You are very robust. (+20% HP) [Jiyva's
                  | grace]
 50172 | Zot:3    | Lost mutation: Armour fits poorly on your large pseudopods.
                  | [Jiyva's grace]
 50172 | Zot:3    | Lost mutation: Your movements are less encumbered by
                  | armour. (ER -4) [Jiyva's grace]
 50172 | Zot:3    | Gained mutation: You have sharp toenails. [Jiyva's grace]
 50172 | Zot:3    | Gained mutation: You have razor-sharp toenails. [Jiyva's
                  | grace]
 50172 | Zot:3    | Gained mutation: You have claws for feet. [Jiyva's grace]
 50172 | Zot:3    | Gained mutation: You have a pair of small antennae on your
                  | head. [Jiyva's grace]
 50180 | Zot:3    | Noticed an orb of fire
 50186 | Zot:3    | Gained mutation: You have an uncontrollable temper. [an orb
                  | of fire]
 50187 | Zot:3    | Killed an orb of fire
 51540 | Zot:4    | Found a transporter.
 51544 | Zot:4    | Found a transporter.
 51544 | Zot:4    | Noticed Jeanorph's ghost (legendary MiBe)
 52028 | Zot:5    | Entered Level 5 of the Realm of Zot
 52048 | Zot:5    | Reached skill level 21 in Earth Magic
 52048 | Zot:5    | Reached XP level 25. HP: 171/171 MP: 43/52
 52215 | Zot:5    | Noticed Wukiw's ghost (legendary MiBe)
 52216 | Zot:5    | Found a bloodstained altar of Trog.
 52223 | Zot:5    | Found a transporter.
 52223 | Zot:5    | Identified the +0 cloak "Qalleom" {Dex+6}
 52231 | Zot:5    | Found a transporter.
 52279 | Zot:5    | Lost mutation: Your skin changes colour to match your
                  | surroundings (Stealth+). [Jiyva's grace]
 52279 | Zot:5    | Lost mutation: You have an uncontrollable temper. [Jiyva's
                  | grace]
 52279 | Zot:5    | Lost mutation: Your system is resistant to poisons. (rPois)
                  | [Jiyva's grace]
 52279 | Zot:5    | Gained mutation: Your rubbery body absorbs attacks. (AC +1,
                  | EV +1) [Jiyva's grace]
 52279 | Zot:5    | Gained mutation: Your pliable body absorbs attacks. (AC +2,
                  | EV +2) [Jiyva's grace]
 52279 | Zot:5    | Gained mutation: Your gelatinous body deflects attacks. (AC
                  | +3, EV +3) [Jiyva's grace]
 52279 | Zot:5    | Gained mutation: Your spells are a little harder to cast,
                  | but a little more powerful. [Jiyva's grace]
 52604 | Zot:5    | Noticed an orb of fire
 52659 | Zot:5    | Lost mutation: You have an increased reservoir of magic.
                  | (+10% MP) [an orb of fire]
 52660 | Zot:5    | Gained mutation: Your body sometimes deteriorates upon
                  | taking damage. [an orb of fire]
 52664 | Zot:5    | Killed an orb of fire
 52768 | Zot:5    | Noticed a dread lich
 52784 | Zot:5    | Killed a dread lich
 52807 | Zot:5    | Noticed a dread lich
 52936 | Zot:5    | Noticed an orb of fire
 53103 | Zot:5    | Gained mutation: You occasionally shout uncontrollably at
                  | your foes. [an orb of fire]
 53143 | Zot:5    | Identified the +2 cloak of Zin {Harm rPois rC- Int+6}
 53147 | Zot:5    | Killed an orb of fire
 53239 | Zot:5    | Noticed a Killer Klown
 53301 | Zot:5    | Noticed an orb of fire
 53302 | Zot:5    | Lost mutation: You sometimes lose your temper in combat.
                  | [an orb of fire]
 53312 | Zot:5    | Killed an orb of fire
 53313 | Zot:5    | Reached skill level 15 in Shields
 53384 | Zot:5    | Killed a Killer Klown
 53437 | Zot:5    | Noticed a Killer Klown
 53439 | Zot:5    | Noticed an ancient lich
 53455 | Zot:5    | Killed a dread lich
 53602 | Zot:5    | Noticed a Killer Klown
 53604 | Zot:5    | Killed an ancient lich
 53648 | Zot:5    | Killed a Killer Klown
 53698 | Zot:5    | Noticed an orb of fire
 53702 | Zot:5    | Lost mutation: Your natural rate of healing is unusually
                  | fast. [an orb of fire]
 53708 | Zot:5    | Gained mutation: Potions are less effective at restoring
                  | your health. [an orb of fire]
 53712 | Zot:5    | Lost mutation: Your spells are a little harder to cast, but
                  | a little more powerful. [an orb of fire]
 53718 | Zot:5    | Noticed an orb of fire
 53718 | Zot:5    | Noticed a Killer Klown
 53718 | Zot:5    | Noticed an orb of fire
 53720 | Zot:5    | Gained mutation: You are occasionally teleported next to
                  | monsters. [an orb of fire]
 53720 | Zot:5    | HP: 4/172 [Killer Klown/+8 club (22)]
 53721 | Zot:5    | Lost mutation: You are agile. (Dex +4, Str/Int -1) [an orb
                  | of fire]
 53722 | Zot:5    | Noticed an orb of fire
 53723 | Zot:5    | Slain by an Orb Guardian

Illustrated notes

Levels and vault maps discovered:
D:1:      zelgadis_glass_arrival_small, layout_basic, basic_ecumenical_altar,
          chequers_serial_rivers_micro_b
D:2:      layout_basic
D:3:      layout_basic, mainiacjoe_overflow_large_starburst, kennysheep_potato,
          uniq_jessica, uniq_ijyb, uniq_terence, uniq_crazy_yiuf_cottage
D:4:      layout_basic, nemelex_dance_club_becter, nicolae_nh_ransacked_shop
D:5:      layout_cave_pods, serial_shops, nicolae_shop_real_fake_doors,
          nicolae_shop_national_dungeon_mall
D:6:      layout_basic, serial_rivers, chequers_serial_rivers_large_b,
          chequers_serial_rivers_marsh, chequers_serial_rivers_room_a,
          chequers_serial_rivers_small_a, chequers_serial_rivers_room_b
D:7:      layout_loops_ring, minmay_temple_entry_tees, minmay_misc_feat_alley,
          uniq_joseph, uniq_prince_ribbit1, uniq_menkaure
D:8:      layout_loops_ring, due_lair_maze_entry_diamond
D:9:      layout_roguey, orc_0_dummy, enter_bailey_4, minmay_shattered_shrine,
          uniq_erica
D:10:     layout_small_grid, zin_treasury
D:11:     layout_roguey
D:12:     layout_stronghold
D:13:     nzn_winding_woodlands_small [nzn_winding_woodlands_5x15_longhouse,
          nzn_winding_woodlands_center_pierced_h,
          nzn_winding_woodlands_5x15_split_checker], layout_basic, uniq_sonja
D:14:     layout_basic, erik_vaults_1, hangedman_abyss_or_decor_stagger,
          serial_shops, nicolae_shop_dealshenge, nicolae_shop_statue_plus,
          uniq_kirke
D:15:     hangedman_spin_cycle, uniq_louise
Lair:1:   layout_loops_ring
Lair:2:   layout_regular_city, basic_altar, nicolae_volcano_entry_batcave,
          beast_lair_carwin_4
Lair:3:   layout_cave_pods, swamp_mist_pool,
          minmay_snake_entry_guardpost_medium, grunt_megastairs_3
Lair:4:   layout_layer_cave, basic_altar, minmay_hedge_maze, lookout_lair_type
Lair:5:   cheibrodos_lair_end_hotspot, layout_regular_city, slime_entry_1
Swamp:1:  nicolae_swamp_tree_isthmus, layout_falls_marsh,
          evilmike_swamp_ruin_house_2, infiniplex_staircase_pool, uniq_mlioglotl
Swamp:2:  layout_basic_swamp, gammafunk_ghost_cemetery, hangedman_swamp_lotus
Swamp:3:  layout_basic_swamp, evilmike_swamp_ruin_house_1, uniq_mara
Swamp:4:  swamp_old_school, layout_basic_swamp
Snake:1:  kennysheep_snake, layout_misc_corridors, serial_bayou_ford_a,
          nicolae_shop_clearance, uniq_aizul, uniq_jorgrun, uniq_roxanne
Snake:2:  layout_misc_corridors, nicolae_snake_squiggles, serial_bayou_shore_b,
          uniq_vashnia, uniq_saint_roka
Snake:3:  layout_onion_interference, minmay_shoptagon, uniq_azrael
Snake:4:  grunt_snake_rune_serpentine_throne, layout_basic, basic_altar
Slime:1:  layout_caves
Slime:2:  layout_caves, cheibrodos_slime_lost_civilization_4
Slime:3:  layout_caves
Slime:4:  layout_caves
Slime:5:  slime_pit_nicolae_trefoil
Orc:1:    layout_caves, basic_altar, gammafunk_ghost_stat_death
Orc:2:    grunt_orc_community_town_hall, layout_caves,
          grunt_orc_community_big_house_2, grunt_orc_community_big_house_1,
          grunt_orc_community_house_1, grunt_orc_community_house_1,
          grunt_orc_community_house_3, grunt_orc_community_house_2,
          grunt_orc_community_house_1, grunt_orc_community_house_1,
          nicolae_orc_lost_temple
Elf:1:    eino_elf_arrival_the_gate, layout_rooms, serial_shops, shop_statue,
          hangedman_corner_corridor, minivault_14, solitary_fountain,
          minivault_25
Elf:2:    nicolae_elf_blades_splatter_lattice
          [nicolae_blade_entry_hurt_lockers], layout_geoelf_diagonals,
          eino_tiny_chamber, grunt_megastairs_4
Elf:3:    elf_hall, layout_onion_city, minmay_misc_feat_cross,
          minmay_misc_feat_columns
Vaults:1: nicolae_vaults_more_shelving_1, vaults_room_hallway,
          nicolae_vaults_wine_cellar, v_misc_4, v_misc_5,
          nicolae_vaults_diamond_1, nicolae_vaults_prndl,
          layout_vaults_omnigrid, serial_shops, shop
Vaults:2: nicolae_vaults_variable_pillar_hall, hangedman_vaults_snaps,
          ontoclasm_vaults_pinch, nicolae_vaults_little_squares_6, v_misc_5,
          grunt_vaults_hallway_long, nicolae_vaults_tetromino_T_1,
          layout_vaults_chaotic_city, minmay_crypt_entry_nasty_monster,
          uniq_zenata, uniq_margery, uniq_jory
Vaults:3: nicolae_vaults_door_testing_chamber, st_lattice,
          ontoclasm_vaults_ring_large, nicolae_vaults_tetromino_T_1,
          nicolae_vaults_network_periphery, nicolae_vaults_closet_pinwheel_2,
          v_misc_1, nicolae_vaults_ring_of_whatevers, nicolae_vaults_little_ls,
          nicolae_vaults_mini_display_case, nicolae_vaults_mitosis,
          nicolae_vaults_circle_grid_a, layout_vaults_omnicross, uniq_donald,
          uniq_norris
Vaults:4: v_rooms_6, nicolae_vaults_layer_cake_slice, v_rooms_3,
          vaults_mumra_hexcomb, gammafunk_sealed_arena, vaults_dpeg_hooks,
          grunt_vaults_funnel, nicolae_vaults_inception_statues,
          nicolae_vaults_closet_pinwheel_1, v_misc_9, nicolae_vaults_house_2,
          vaults_mumra_lcd, nicolae_vaults_little_squares_6,
          layout_vaults_maze_bifur
Vaults:5: serial_shops
Depths:1: layout_gridlike, hangedman_abyss_entry_splay, hellmouth_3,
          minmay_tree_intersection, minmay_holes, nicolae_vehumet_altar_sigil,
          serial_bayou_shore_b
Depths:2: minmay_the_grid_four_pointed_star_mashed
          [minmay_the_grid_triangle_9x9_zippers_horizontal,
          minmay_the_grid_triangle_9x9_odd_lines,
          minmay_the_grid_triangle_9x9_flanged_cone,
          minmay_the_grid_triangle_9x9_empty,
          minmay_the_grid_prize_inner_circle], layout_honeycomb, pan_entry,
          hell_entry, minmay_misc_feat_tower, enter_trove_1,
          lightli_corner_chamber
Depths:3: minmay_dotted_concentric_squares, layout_basic, enter_ziggurat_b,
          hangedman_decor_opposing, abyss_entry_flame_altar,
          rand_demon_pan_entry_7, hell_entry, minmay_staircase_windowed_large,
          firewood_loft
Depths:4: lemuel_castle_with_subvaults [lemuel_castle_interior_original],
          layout_cave_pools, serial_column_ruins, column_ruins_hut,
          column_ruins_hut, column_ruins_corridor_dead_end,
          column_ruins_open_tiny, column_ruins_open_small, hell_entry
Zot:1:    kennysheep_six_static_rooms, layout_misc_corridors
Zot:2:    layout_gridville
Zot:3:    layout_gridlike
Zot:4:    layout_misc_corridors, gammafunk_ghost_arena
Zot:5:    layout_basic, gammafunk_ghost_wrathful_warriors

Skill      XL: |  1  2  3  4  5  6  7  8  9 10 11 12 13 14 15 16 17 18 19 20 21 22 23 24 25 |
---------------+----------------------------------------------------------------------------+-----
Conjurations   | 2 3 4 5 6 7 9 10 11 | 11.6
Stealth        | 3 4 5 7 9 |  9.7
Fire Magic     | 4 5 7 8 10 11 12 | 12.3
Evocations     | 1 2 3 4 5 7 8 |  8.8
Fighting       | 1 2 3 4 5 6 7 8 9 10 11 12 13 14 15 | 15.9
Spellcasting   | 4 5 6 7 8 9 11 12 13 14 15 16 17 18 19 | 19.0
Dodging        | 4 5 7 8 9 11 12 14 15 | 15.6
Shields        | 2 4 5 6 7 8 9 10 11 12 13 14 15 | 15.0
Earth Magic    | 5 8 10 12 14 16 17 18 21 | 21.7
Translocations | 4 6 9 11 12 | 12.8
Long Blades    | 5 7 9 10 11 13 14 | 14.0
Summonings     | 4 8 10 11 13 14 | 14.0
Armour         | 3 6 7 8 |  8.8

Action                     |  1- 3 |  4- 6 |  7- 9 | 10-12 | 13-15 | 16-18 | 19-21 | 22-24 | 25-27 || total
---------------------------+-------+-------+-------+-------+-------+-------+-------+-------+-------++-------
  Melee: Whip              |     7 |       |       |       |       |       |       |       |       ||     7
         Dagger            |     6 |     9 |       |       |       |       |       |       |       ||    15
         Short sword       |       |       |       |    19 |    98 |       |       |       |       ||   117
         Bite              |       |       |       |     3 |       |       |       |       |       ||     3
         Punch             |       |       |       |     1 |       |       |       |       |       ||     1
         Headbutt          |       |       |       |       |    40 |    74 |    59 |       |       ||   173
         Falchion          |       |       |       |       |   104 |   265 |   429 |   531 |    90 ||  1419
         Long sword        |       |       |       |       |     9 |       |       |       |       ||     9
         Pseudopods        |       |       |       |       |       |       |    88 |   140 |    26 ||   254
         Kick              |       |       |       |       |       |       |    27 |   187 |    28 ||   242
   Fire: Orcbow            |       |       |     8 |     1 |       |       |       |       |       ||     9
   Cast: Foxfire           |    55 |    47 |   103 |   545 |    29 |     4 |       |       |       ||   783
         Scorch            |    13 |    43 |    75 |   241 |    14 |     3 |       |       |       ||   389
         Volatile Blastmot |       |       |     2 |     5 |       |       |       |       |       ||     7
         Flame Wave        |       |       |       |    26 |    14 |     4 |       |       |       ||    44
         Leda's Unmaking   |       |       |       |    22 |   502 |   527 |   703 |   867 |   109 ||  2730
         Lee's Rapid Decon |       |       |       |     3 |    20 |    40 |    50 |    23 |       ||   136
         Blink             |       |       |       |       |       |     4 |       |     4 |     2 ||    10
         Summon Forest     |       |       |       |       |       |     1 |     1 |     3 |     2 ||     7
         Malign Gateway    |       |       |       |       |       |       |     2 |       |     3 ||     5
         Manifold Assault  |       |       |       |       |       |       |       |    26 |     8 ||    34
         Lehudib's Crystal |       |       |       |       |       |       |       |     7 |       ||     7
         Summon Hydra      |       |       |       |       |       |       |       |     4 |     4 ||     8
         Summon Mana Viper |       |       |       |       |       |       |       |     2 |     2 ||     4
         Swiftness         |       |       |       |       |       |       |       |     1 |     2 ||     3
 Invoke: Oozemancy         |       |       |       |       |     1 |       |       |       |       ||     1
  Evoke: Wand              |       |       |       |    18 |     3 |     3 |    10 |     2 |       ||    36
         Lightning rod     |       |       |       |       |       |     4 |     4 |       |       ||     8
         Phantom mirror    |       |       |       |       |       |     1 |     1 |     1 |     1 ||     4
         Condenser vane    |       |       |       |       |       |     2 |     1 |       |     1 ||     4
    Use: Potion            |       |     1 |       |     1 |     4 |     2 |     7 |     5 |     5 ||    25
         Scroll            |       |       |     7 |    12 |     7 |    19 |     5 |    18 |     4 ||    72
   Stab: Sleeping          |     1 |       |       |       |       |     1 |     1 |     1 |       ||     4
         Distracted        |       |       |       |       |       |     2 |       |     1 |     2 ||     5
         Confused          |       |       |       |       |       |       |     5 |     6 |       ||    11
 Armour: Robe              |     8 |     5 |    21 |    67 |    61 |       |       |       |       ||   162
         Steam dragon scal |       |       |       |       |    54 |    93 |   136 |    79 |       ||   362
         Chain mail        |       |       |       |       |       |       |       |   203 |    29 ||   232
  Dodge: Dodged            |    29 |    17 |    24 |   196 |   370 |   270 |   274 |   470 |    40 ||  1690
  Block: Buckler           |       |       |       |    34 |    77 |       |       |       |       ||   111
         Kite shield       |       |       |       |       |   176 |   397 |   464 |   681 |    68 ||  1786

Table legend: (Time is in decaauts)
 A = Elapsed time spent in this place.
 B = Non-inter-level travel time spent in this place.
 C = Inter-level travel time spent in this place.
 D = Time resting spent in this place.
 E = Time spent auto-exploring this place.
 F = Levels seen in this place.
 G = Mean time per level.
                   A        B        C        D        E       F      G
               +--------+--------+--------+--------+--------+-----+--------+
         Total |  54221 |  47870 |   6351 |   2859 |  22288 |  54 | 1004.1 |
       Dungeon |  15214 |  12178 |   3036 |    110 |   5570 |  15 | 1014.3 |
          Lair |   6048 |   5445 |    603 |    112 |   2759 |   5 | 1209.6 |
         Swamp |   3526 |   3363 |    163 |    118 |   2185 |   4 |  881.5 |
     Snake Pit |   3588 |   3322 |    266 |    117 |   1251 |   4 |  897.0 |
    Slime Pits |    542 |    427 |    115 |      0 |    372 |   5 |  108.4 |
  Orcish Mines |   1346 |   1206 |    140 |     27 |    598 |   2 |  673.0 |
   Elven Halls |   3881 |   3469 |    412 |    115 |   2017 |   3 | 1293.7 |
        Vaults |   7903 |   7031 |    872 |    697 |   2968 |   5 | 1580.6 |
        Depths |   6061 |   5464 |    597 |    590 |   2402 |   4 | 1515.2 |
           Zot |   5414 |   5269 |    145 |    968 |   1996 |   5 | 1082.8 |
        Bailey |    455 |    455 |      0 |      4 |    122 |   1 |  455.0 |
       Volcano |    237 |    237 |      0 |      0 |     45 |   1 |  237.0 |
               +--------+--------+--------+--------+--------+-----+--------+

Top non-repeatable levels by time:
Depths:4: 2030 daAuts
Vaults:4: 1960 daAuts
    D:14: 1702 daAuts
Vaults:1: 1681 daAuts
Vaults:5: 1639 daAuts
   Zot:5: 1607 daAuts
   Elf:2: 1574 daAuts
  Lair:5: 1550 daAuts
Depths:2: 1379 daAuts
     D:9: 1345 daAuts
Depths:3: 1328 daAuts
Depths:1: 1322 daAuts
Vaults:3: 1322 daAuts
Vaults:2: 1299 daAuts
 Swamp:4: 1291 daAuts
